 Dungeon Crawl Stone Soup version 0.31.0-11-ge490571c62 (webtiles) character file.

Game seed: 16920491857124320542

4 qw the Shooter (level 1, 0/12 HPs)
             Began as a Deep Elf Hunter on Feb 4, 2024.
             Slain by a gnoll
             ... wielding a +0 flail
              (12 damage)
             ... on level 1 of the Dungeon.
             The game lasted 00:00:00 (254 turns).

qw the Shooter (Deep Elf Hunter)                     Turns: 254, Time: 00:00:01

Health: 0/12       AC:  3    Str:  8    XL:     1   Next: 58%
Magic:  3/3        EV: 12    Int: 13    God:
Gold:   5          SH:  0    Dex: 18    Spells: 0/0 levels left

rFire   . . .        a - +0 shortbow
rCold   . . .        (shield currently unavailable)
rNeg    . . .        c - +0 leather armour
rPois   .            (no helmet)
rElec   .            (no cloak)
rCorr   .            (no gloves)
SInv    .            (no boots)
Will    .....        (no amulet)
Stlth   ++           (no ring)
HPRegen 0.22/turn    (no ring)
MPRegen 0.08/turn

%: no passive effects
@: no status effects
A: no striking features
a: no special abilities


You were on level 1 of the Dungeon.
You visited 1 branch of the dungeon, and saw 1 of its levels.

You collected 5 gold pieces.


   Skills:
 - Level 1.5 Fighting
 + Level 5.7 Ranged Weapons
 - Level 2.4 Dodging
 - Level 1.2 Stealth


You couldn't memorise any spells.
You didn't know any spells.
Your spell library was empty.

Inventory:

Hand Weapons
 a - a +0 shortbow (weapon)
Armour
 c - a +0 leather armour (worn)
Scrolls
 b - a scroll of butterflies
 d - a scroll of immolation {unknown}
 e - 2 scrolls of identify {unknown}
 f - a scroll of blinking {unknown}
Potions
 g - a potion of lignification {unknown}

Dungeon Overview and Level Annotations

Branches:
Dungeon (1/15)

Altars:


Message History

There is an open door here.
You open the door.
There is an open door here.
f - a scroll labelled BULUSSAOSH
e - 2 scrolls labelled DECAPLEZUS (gained 1)
Found a stone staircase leading down.
There is a stone staircase leading down here.
A kobold comes into view. It is wielding a +0 club.
You shoot an arrow. The arrow hits the kobold.
You kill the kobold!
You hear an angry hiss.
A ball python comes into view.
You shoot an arrow. The arrow hits the ball python.
The ball python is severely wounded.
You shoot an arrow. The arrow hits the ball python!
You kill the ball python!
Things that are here:
a +0 club; 4 stones You open the door.
There is an open door here.
There is a fountain of clear blue water here.
You open the door.
There is an open door here.
Found a chain mail.
g - a metallic puce potion You open the door.
There is an open door here.
A gnoll comes into view. It is wielding a +0 flail.
You shoot an arrow.
The arrow hits the gnoll but does no damage.
You shoot an arrow. The arrow hits the gnoll.
The gnoll is heavily wounded.
You shoot an arrow. The arrow hits the gnoll.
The gnoll is severely wounded.
You shoot an arrow. The arrow hits the gnoll.
The gnoll is severely wounded.
You shoot an arrow. The arrow closely misses the gnoll.
The gnoll barely misses you. The gnoll hits you with a +0 flail!
Ouch! That really hurt!
You die...

#### .......+ .......#
.. ......# ... #
...#.#+#.. #
#.......##+ ####
#..........#####...
#.###.g.....###....'...
#.....@.........####...
########.........# ####
.......'.........# #
########.........# #
#.........# #.........#
#.........# ####
#....[....# #...
########### #.##


You could see a gnoll.

Vanquished Creatures
  A quokka (D:1)
  A ball python (D:1)
  2 kobolds (D:1)
  A rat (D:1)
5 creatures vanquished.

Notes
Turn   | Place    | Note
-------+----------+-------------------------------------------
     0 | D:1      | qw the Deep Elf Hunter began the quest for the Orb.
     0 | D:1      | Reached XP level 1. HP: 12/12 MP: 3/3
     0 | D:1      | 0 ||| qw: Version: 0.3-a-160-g6735b56
     0 | D:1      | 0 ||| qw: Game counter: 5947
     0 | D:1      | 0 ||| qw: Melee chars always use a shield: true
     0 | D:1      | 0 ||| qw: God list: Okawaru
     0 | D:1      | 0 ||| qw: Allow faded altars: false
     0 | D:1      | 0 ||| qw: Do Orc after clearing Dungeon:15 true
     0 | D:1      | 0 ||| qw: Do second Lair branch before Depths: true
     0 | D:1      | 0 ||| qw: Lair rune preference: random
     0 | D:1      | 0 ||| qw: Goals: Normal
     0 | D:1      | 0 ||| PLANNING D:1-11
   254 | D:1      | Slain by a gnoll

Levels and vault maps discovered:
D:1:      minmay_arrival_cross, layout_basic, serial_shops, shop

Action                     || total
---------------------------++-------
   Fire: Shortbow          ||    15
 Armour: Leather armour    ||     2
  Dodge: Dodged            ||     2

Table legend:
 A = Non-vault XP
 B = Vault XP
 C = Vault XP percentage of total XP
 D = Non-vault monster count
 E = Vault monster count
 F = Vault count percentage of total count
                 A         B        C        D         E       F
            +---------+---------+-------+---------+---------+-------
      Total |       7 |       0 |   0.0 |       5 |       0 |   0.0
            +---------+---------+-------+---------+---------+-------
        D:1 |       7 |       0 |   0.0 |       5 |       0 |   0.0
            +---------+---------+-------+---------+---------+-------
